 Dungeon Crawl Stone Soup version bcrawl-1.21.2-1-g32d02e0829 (webtiles) character file.

Game seed: 2353642599714504711

119 Freyura the Ruffian (level 4, -4/44 HPs)
             Began as a Troll Berserker on Feb 23, 2020.
             Was a Believer of Trog.
             Killed from afar by an orc wizard (10 damage)
             ... with a puff of flame
             ... on level 3 of the Dungeon.
             The game lasted 00:04:25 (1618 turns).

Freyura the Ruffian (Troll Berserker)               Turns: 1618, Time: 00:04:26

Health: -4/44      AC:  6    Str: 25    XL:     4   Next: 74%
Magic:  3/3        EV: 13    Int:  4    God:    Trog [**....]
Gold:   234        SH:  0    Dex: 10    Spells: 3/3 levels left

rFire    . . .     SeeInvis .     - Unarmed
rCold    . . .     Gourm    +   (no shield)
rNeg     . . .     Faith    .   (armour unavailable)
rPois    .         Spirit   .   (helmet restricted)
rElec    .         Reflect  .   n - +0 cloak
rCorr    .         Harm     .   (gloves unavailable)
MR       .....                  (boots unavailable)
Stlth    +.........             (no amulet)
HPRegen  0.54/turn              b - +3 ring of evasion
MPRegen  0.08/turn              o - ring of flight

@: no status effects
A: large, almost no armour, unfitting armour, claws 3, fast metabolism 3,
gourmand, regeneration 1, AC +5
a: Berserk, Trog's Hand, Renounce Religion, Evoke Flight


You were on level 3 of the Dungeon.
You worshipped Trog.
Trog was pleased with you.
You were very full.

You visited 1 branch of the dungeon, and saw 3 of its levels.

You collected 234 gold pieces.

Inventory:

Armour
 n - a +0 cloak (worn)
Jewellery
 b - a +3 ring of evasion (left claw)
 o - a ring of flight (right claw)
Scrolls
 a - 2 scrolls of teleportation {unknown}
 c - 2 scrolls of blinking {unknown}
 f - 2 scrolls of immolation {unknown}
 i - a scroll of fog {unknown}
 j - a scroll of fear {unknown}
 k - 3 scrolls of remove curse {unknown}
 p - a scroll of enchant armour {unknown}
Potions
 d - 2 potions of brilliance {unknown}
 g - a potion of invisibility {unknown}
 h - a potion of mutation {unknown}
 l - a potion of curing {unknown}
 q - 2 potions of berserk rage {unknown}
Comestibles
 e - 7 rations {!d}
 m - 6 chunks of flesh


   Skills:
 + Level 2.9 Fighting
 - Level 2.4 Dodging
 * Level 5.1 Unarmed Combat


You had 3 spell levels left.
You didn't know any spells.
Your spell library was empty.

Dungeon Overview and Level Annotations

Branches:
Dungeon (3/12)

Altars:
Vehumet


Innate Abilities, Weirdness & Mutations

You cannot wear most types of armour.
Your thick skin is tough. (AC +5)
You are too large for most types of armour.
You have claws for hands.
Your metabolism is lightning-fast.
You like to eat raw meat.
Your natural rate of healing is unusually fast.


Message History

The orc hits you with a +0 dagger. The orc closely misses you.
You barely miss the orc priest.
The orc priest is lightly wounded.
The orc priest calls down the wrath of Beogh upon you.
Pain shoots through your body!
* * * LOW HITPOINT WARNING * * *
The orc barely misses you. x2
You claw the orc priest!
You kill the orc priest!
Trog accepts your kill.
Your Unarmed Combat skill increases to level 5!
The orc wizard gestures wildly while chanting.
The orc wizard seems to speed up.
The orc completely misses you. The orc hits you but does no damage.
You claw the orc!
You kill the orc!
Trog accepts your kill.
The orc wizard points at you and mumbles some strange words.
The puff of flame hits you!
You die...

##.## #..####.#### ###
#...###.# ## #....รท..#
#. #...##### #. #...# #.
#...# #. #...# #.
#..#########...#######.
#....)@................
#....o)................
.o......................
#####.#######...#######.
#. #...# ## .. #...# #
## #...# #...######
#.......(###


You could see an orc wizard and an orc.

Vanquished Creatures
  An orc priest (D:3)
  2 adders (D:3)
  An ooze (D:3)
  A worm (D:2)
  3 dart slugs (D:2)
  4 orcs (D:3)
  A ball python (D:3)
  A giant cockroach (D:1)
  2 goblins
  6 hobgoblins
  3 jackals (D:1)
  3 quokkas (D:3)
  A bat (D:2)
  5 frilled lizards
  10 kobolds
  8 rats
52 creatures vanquished.

Vanquished Creatures (others)
  An orc (D:3)
1 creature vanquished.

Grand Total: 53 creatures vanquished

Notes
Turn   | Place    | Note
-------+----------+-------------------------------------------
     0 | D:1      | Freyura the Troll Berserker began the quest for the Orb.
     0 | D:1      | Reached XP level 1. HP: 22/22 MP: 0/0
    75 | D:1      | Reached XP level 2. HP: 18/29 MP: 1/1
   743 | D:2      | Reached XP level 3. HP: 36/36 MP: 2/2
   751 | D:2      | Reached ** piety under Trog
   752 | D:2      | Reached skill level 4 in Unarmed Combat
  1385 | D:3      | Gained mutation: Your natural rate of healing is unusually
                  | fast. [Troll growth]
  1385 | D:3      | Reached XP level 4. HP: 44/44 MP: 3/3
  1542 | D:3      | Found a radiant altar of Vehumet.
  1617 | D:3      | Reached skill level 5 in Unarmed Combat
  1618 | D:3      | Killed from afar by an orc wizard

Skill      XL: |  1  2  3  4 |
---------------+-------------+-----
Unarmed Combat | 4 5 |  5.1
Fighting       | |  2.9
Dodging        | |  2.4

Action                   |  1- 3 |  4- 6 || total
-------------------------+-------+-------++-------
Melee: Unarmed           |   100 |    22 ||   122
       Punch             |     3 |       ||     3
 Stab: Distracted        |     1 |       ||     1
  Eat: Chunk             |    14 |     1 ||    15
Armor: Skin              |    36 |     6 ||    42
Dodge: Dodged            |    63 |    18 ||    81
